Map: Overgrown Facility

Players

OpuS - Winner!

  • Race: Protoss Protoss
  • League: Diamond
  • Spawn Location: 9:00

Sketchaphone - Winner!

  • Race: Zerg Zerg
  • League: Gold
  • Spawn Location: 7:00

VovoV

  • Race: Zerg Zerg
  • League: Platinum
  • Spawn Location: 1:00

ViviV

  • Race: Protoss Protoss
  • League: Diamond
  • Spawn Location: 3:00

VOD

Have the link to the VOD?

Description

Time

  • Played on: Jan. 21, 2019, 7:45 p.m.
  • Length: 7:29
Show
View Real Time Build Order
Export as new Build Order

OpuS Protoss - Winner!

Build Orders:  

Get SALT Encoding   

  12  0:01  Probe  
  13  0:16  Pylon  
  13  0:18  Probe  
  14  0:29  Probe  
  15  0:37  Probe  
  16  0:46  Pylon  
  16  0:47  Probe  
  17  1:08  Gateway  
  16  1:16  Probe  
  16  1:19  Assimilator  
  16  1:24  Probe  
  18  1:33  Probe  
  19  1:49  Probe  
  19  1:50  Nexus  
  20  2:04  Cybernetics Core  
  20  2:05  Zealot  
  22  2:16  Probe  
  22  2:21  Assimilator  
  23  2:26  Pylon  
  23  2:28  Probe  
  24  2:32  Zealot  
  26  2:45  Warp Gate  
  26  2:50  Robotics Facility  
  26  2:59  Stalker  
  28  3:09  Gateway  
  28  3:27  Gateway  
  28  3:35  Immortal  
  26  3:50  Zealot  
  30  3:58  Zealot  
  30  4:00  Probe x2  
  32  4:11  Immortal  
  32  4:14  Zealot  
  34  4:23  Probe  
  39  4:35  Stalker  
  41  4:40  Stalker  
  43  4:46  Pylon  
  43  4:56  Probe x2  
  41  5:16  Immortal  
  41  5:18  Stalker  
  41  5:20  Probe x2  
  43  5:34  Stalker x2  
  47  5:53  Probe x2  
  49  6:03  Immortal  
  53  6:05  Probe  
  53  6:07  Twilight Council  
  54  6:22  Pylon  
  54  6:24  Pylon  
  54  6:27  Pylon  
  54  6:40  Probe x2  
  54  6:44  Immortal  
  60  6:52  Probe x2  
  62  7:03  Stalker  
  62  7:04  Stalker x2, Probe x2  
  70  7:16  Probe  
Show
View Real Time Build Order
Export as new Build Order

Sketchaphone Zerg - Winner!

Build Orders: Pool First 

Get SALT Encoding   

  12  0:01  Drone  
  13  0:15  Overlord  
  13  0:21  Drone  
  14  0:35  Extractor  
  13  0:43  Spawning Pool  
  13  0:44  Drone  
  13  0:48  Drone  
  14  0:55  Drone  
  15  1:01  Drone  
  16  1:20  Drone  
  16  1:22  Drone  
  18  1:36  Hatchery  
  17  1:43  Metabolic Boost, Drone  
  18  1:48  Drone  
  19  1:54  Drone  
  19  1:59  Drone  
  21  2:10  Overlord  
  21  2:23  Zergling x2  
  21  2:29  Queen  
  24  2:34  Drone  
  25  2:47  Overlord  
  25  2:48  Drone  
  25  2:49  Hatchery  
  25  3:01  Drone x2  
  25  3:04  Drone  
  28  3:11  Zergling x2  
  29  3:16  Spine Crawler, Zergling x2  
  30  3:20  Zergling x2  
  30  3:30  Zergling x2  
  31  3:35  Spine Crawler  
  29  3:41  Zergling x6  
  29  3:45  Spine Crawler  
  31  3:53  Zergling x10  
  35  4:01  Zergling x2  
  34  4:05  Zergling x4  
  35  4:16  Zergling x6  
  36  4:22  Zergling x2  
  36  4:23  Queen  
  38  4:36  Overlord x2  
  38  4:44  Overlord x2  
  38  4:56  Zergling x10  
  33  5:16  Zergling x2  
  33  5:17  Zergling x4  
  33  5:18  Drone  
  36  5:33  Overlord, Drone x2  
  37  5:48  Drone x7  
  44  5:52  Drone  
  44  6:03  Roach Warren  
  43  6:08  Drone x2  
  45  6:15  Drone x2  
  47  6:21  Lair  
  47  6:26  Overlord  
  47  6:27  Drone x3, Hatchery  
  47  6:30  Pneumatized Carapace  
  49  6:32  Overlord  
  53  6:54  Zergling x18  
  53  6:58  Spine Crawler  
Show
View Real Time Build Order
Export as new Build Order

VovoV Zerg 

Build Orders: Hatch First 

Get SALT Encoding   

  12  0:00  Drone  
  13  0:12  Overlord  
  13  0:18  Drone  
  14  0:31  Drone x2  
  16  0:54  Drone  
  17  1:02  Drone  
  18  1:05  Hatchery  
  17  1:16  Drone x2  
  17  1:17  Extractor  
  18  1:34  Spawning Pool  
  18  1:36  Drone x2  
  19  1:41  Drone  
  20  1:53  Drone  
  21  2:03  Overlord  
  21  2:14  Drone  
  22  2:22  Queen x2  
  22  2:26  Zergling x4  
  22  2:29  Zergling x2  
  29  2:33  Metabolic Boost  
  29  2:36  Drone  
  30  2:48  Zergling x2  
  30  2:49  Zergling x2  
  32  2:54  Zergling x2  
  33  3:02  Drone x2  
  35  3:09  Zergling x2  
  36  3:14  Overlord  
  36  3:29  Overlord  
  36  3:32  Queen  
  33  4:07  Zergling x16  
  40  4:15  Zergling x4  
  41  4:19  Lair  
  41  4:24  Zergling x2  
  42  4:39  Drone x2  
  42  4:40  Drone  
  42  5:07  Zergling x14  
  43  5:19  Zergling x2  
  43  5:20  Zergling x12  
  48  5:35  Drone  
  48  5:36  Drone x2  
  50  6:04  Drone x2  
  50  6:06  Overlord x3  
  51  6:28  Spire, Drone x3, Extractor  
  51  6:30  Drone x3  
  55  6:34  Hatchery  
  55  6:38  Zergling x12  
  60  6:45  Evolution Chamber  
  59  6:58  Zergling x14  
Show
View Real Time Build Order
Export as new Build Order

ViviV Protoss 

Build Orders:  

Get SALT Encoding   

  12  0:00  Probe  
  13  0:12  Probe  
  14  0:19  Pylon  
  14  0:25  Probe  
  15  0:33  Probe  
  15  0:41  Probe, Gateway  
  17  0:57  Probe  
  17  0:59  Assimilator  
  17  1:11  Probe  
  18  1:18  Gateway  
  19  1:25  Assimilator  
  19  1:32  Probe, Cybernetics Core  
  19  1:40  Probe  
  20  1:49  Pylon, Probe  
  21  2:01  Probe  
  21  2:02  Warp Gate  
  22  2:11  Stalker  
  22  2:14  Stalker  
  26  2:25  Probe  
  27  2:41  Stalker  
  29  2:44  Stalker  
  29  2:47  Gateway  
  31  3:07  Gateway  
  31  3:08  Pylon  
  31  3:26  Probe  
  32  3:28  Pylon  
  32  4:01  Stalker x3  
  38  4:23  Stalker  
  40  4:25  Stalker x3  
  47  4:31  Probe  
  41  5:00  Zealot x3  
  41  5:09  Pylon  
  33  5:32  Zealot x4  
  33  5:39  Twilight Council  
  24  6:03  Nexus  
  24  6:06  Probe  
  24  6:09  Forge  
  25  6:12  Pylon  
  25  6:14  Probe  
  25  6:17  Zealot  
  25  6:18  Zealot  
  30  6:24  Pylon  
  30  6:32  Zealot  
  30  6:33  Zealot  
  28  6:56  Stalker  
Tags
 
Add a new tag
Caveats
  • Supply blocks, unpowered buildings, or Contaminate may cause inaccurate times.
  • Supply counts are checked every 10 seconds.